Match 45179873
Unlisted

Match 45179873
End
Construct Section Command Post
Dingo Light Scout Car
Dingo Light Scout Car
Dingo Light Scout Car
Royal Engineer Section
Selects Air and Sea Battlegroup
Construct Platoon Command Post
Selects Supply Surplus
Construct Resource Cache
Construct Resource Cache
Humber Armored Car
6-pounder Anti-tank Gun Team
Humber Armored Car
6-pounder Anti-tank Gun Team
Humber Armored Car
Unlock Bishop Self-propelled Artillery
Construct Resource Cache
Bishop Self-propelled Artillery
Bishop Self-propelled Artillery
Bishop Self-propelled Artillery
Selects Commando Section Paradrop
Selects M1 Pack Howitzer Paradrop
Royal Engineer Section
Light Vehicle Training
6-pounder Anti-tank Gun Team
Selects UNKNOWN (223837)
Selects Assault Flares
Royal Engineer Section
Assault Flares
Construct Company Command Post
DrinkIIScotch
Graouw
Drink||Karmeliet
HelpingHans
[CoA] Deathkrieg
Autodesk
0
0

Comments sign in to comment!

No comments posted yet!